Map: Pillars of Gold LE

Players

Maru - Winner!

  • Race: Terran Terran
  • Spawn Location: 7:00

ShoWTimE

  • Race: Protoss Protoss
  • Spawn Location: 1:00

Event: IEM Katowice 2021

VOD

Have the link to the VOD?

Description

Time

  • Played on: Feb. 22, 2021, 1:09 p.m.
  • Length: 9:30

All games in this series

Show
View Real Time Build Order
Export as new Build Order

Maru Terran - Winner!

Build Orders:  

Get SALT Encoding   

  12  0:00  SCV  
  13  0:12  SCV  
  14  0:18  Supply Depot  
  14  0:24  SCV  
  15  0:39  SCV  
  15  0:41  Barracks  
  16  0:45  Refinery  
  16  0:51  SCV  
  17  1:04  SCV  
  18  1:16  SCV  
  19  1:28  Marine, Orbital Command  
  20  1:47  Command Center  
  20  1:53  SCV  
  21  2:00  Factory  
  21  2:04  Barracks Reactor  
  21  2:07  SCV  
  22  2:13  Bunker  
  22  2:19  Supply Depot  
  22  2:24  SCV  
  23  2:30  Refinery  
  23  2:41  SCV  
  24  2:47  Starport  
  25  2:51  Hellion  
  25  2:53  Hellion  
  25  2:56  SCV  
  28  3:08  SCV  
  28  3:11  Orbital Command  
  29  3:17  Widow Mine  
  29  3:19  Widow Mine  
  33  3:24  SCV  
  33  3:26  Medivac  
  36  3:28  Barracks Tech Lab  
  36  3:38  SCV  
  36  3:39  Widow Mine  
  36  3:40  Widow Mine  
  36  3:41  SCV  
  42  3:46  Supply Depot  
  42  3:50  SCV  
  42  3:53  SCV  
  44  4:02  SCV  
  45  4:05  SCV  
  45  4:07  Starport Tech Lab  
  45  4:08  Cyclone, Marine x2  
  51  4:14  SCV, Supply Depot  
  52  4:17  SCV  
  53  4:26  SCV  
  54  4:35  Marine x2  
  54  4:36  SCV  
  57  4:40  SCV, Siege Tank  
  57  4:47  Command Center  
  57  4:50  Viking  
  55  4:52  Supply Depot  
  55  4:53  SCV, Marine x2  
  55  4:55  SCV  
  55  4:59  Refinery  
  59  5:05  Barracks  
  59  5:06  SCV  
  60  5:12  SCV  
  61  5:19  SCV  
  60  5:23  Raven  
  60  5:24  SCV  
  60  5:26  Barracks  
  59  5:30  Engineering Bay  
  59  5:31  SCV  
  59  5:32  Engineering Bay  
  59  5:33  Marine  
  59  5:34  Stimpack  
  61  5:37  SCV  
  62  5:43  SCV  
  63  5:51  SCV, Barracks  
  63  5:52  Barracks  
  63  5:55  Factory Reactor  
  63  5:56  SCV  
  65  5:59  Missile Turret x2  
  65  6:03  Terran Infantry Weapons Level 1, Terran Infantry Armor Level 1  
  65  6:08  Orbital Command  
  65  6:16  SCV  
  65  6:17  SCV  
  67  6:18  Refinery  
  67  6:19  Supply Depot  
  67  6:21  Starport Reactor  
  67  6:22  Combat Shield  
  67  6:23  Marine  
  67  6:24  Marauder x2  
  67  6:25  Marine  
  73  6:32  Orbital Command  
  72  6:33  SCV x2, Supply Depot  
  72  6:35  Widow Mine x2  
  78  6:40  Barracks Tech Lab  
  78  6:41  Barracks Reactor  
  78  6:45  SCV x2  
  80  6:48  Marauder x2, Marine x2  
  80  6:53  Supply Depot  
  86  6:56  Supply Depot  
  86  6:57  SCV  
  86  6:58  SCV x2, Missile Turret  
  86  7:00  Widow Mine, Concussive Shells  
  91  7:03  Widow Mine  
  91  7:07  Marauder  
  93  7:09  SCV  
  93  7:10  Marauder  
  93  7:12  SCV x2  
  98  7:17  Supply Depot  
  98  7:18  Supply Depot  
  98  7:20  Marine x2  
  98  7:21  Marauder, SCV  
  103  7:24  SCV x2  
  103  7:28  Widow Mine x2  
  109  7:32  Marine, Supply Depot  
  109  7:33  SCV  
  109  7:35  Medivac  
  109  7:36  SCV  
  114  7:37  Medivac  
  114  7:42  Marine  
  114  7:43  Marauder x2  
  114  7:44  Marine x2  
  123  7:51  Supply Depot  
  123  7:53  Widow Mine x2  
  123  7:55  Armory  
  123  7:57  SCV x2  
  123  7:58  SCV  
  130  8:05  Medivac, Marine x3  
  132  8:06  Marine  
  132  8:07  Medivac  
  132  8:08  Marine x2  
  132  8:09  Marine  
  141  8:25  SCV, Marine  
  141  8:26  Marauder, Marine  
  141  8:27  Marauder  
  148  8:32  SCV x2  
  129  8:35  Medivac  
  129  8:36  Widow Mine x2  
  129  8:37  Medivac  
  129  8:39  SCV  
  136  8:46  Marauder, Marine x4  
  136  8:47  Marauder  
  144  8:51  Supply Depot  
  144  8:54  Refinery x2  
  144  8:58  Marauder  
  146  9:07  Marauder  
Show
View Real Time Build Order
Export as new Build Order

ShoWTimE Protoss 

Build Orders: 1 Gate Expand, Phoenix Opening, Zealot Archon 

Get SALT Encoding   

  12  0:00  Probe  
  13  0:12  Probe  
  14  0:18  Pylon  
  14  0:24  Probe (Chrono Boost)  
  15  0:36  Probe (Chrono Boost)  
  15  0:39  Gateway  
  16  0:45  Probe (Chrono Boost)  
  16  0:49  Assimilator  
  17  0:51  Probe  
  18  1:03  Probe  
  19  1:15  Probe  
  20  1:26  Cybernetics Core  
  20  1:36  Nexus  
  20  1:43  Pylon  
  20  1:45  Probe  
  21  1:52  Assimilator  
  21  1:57  Probe  
  21  1:59  Adept (Chrono Boost)  
  24  2:09  Probe  
  25  2:20  Adept (Chrono Boost)  
  25  2:22  Probe  
  28  2:28  Stargate  
  28  2:34  Probe  
  29  2:38  Warp Gate  
  29  2:46  Probe  
  29  2:47  Adept  
  32  2:51  Probe (Chrono Boost)  
  34  3:03  Probe x2 (Chrono Boost)  
  35  3:10  Probe (Chrono Boost)  
  35  3:12  Probe (Chrono Boost), Phoenix (Chrono Boost)  
  39  3:18  Probe  
  40  3:23  Probe  
  40  3:24  Pylon  
  41  3:30  Probe  
  41  3:32  Phoenix (Chrono Boost)  
  44  3:35  Gateway, Probe  
  45  3:42  Probe  
  45  3:48  Probe  
  47  3:52  Phoenix (Chrono Boost)  
  47  3:53  Gateway  
  49  3:57  Probe  
  49  3:59  Pylon  
  49  4:00  Probe  
  51  4:09  Probe, Phoenix (Chrono Boost)  
  52  4:14  Pylon  
  54  4:17  Probe  
  55  4:27  Nexus  
  55  4:29  Probe x2  
  51  4:41  Probe (Chrono Boost)  
  51  4:45  Probe (Chrono Boost)  
  49  4:52  Pylon  
  50  4:53  Probe (Chrono Boost)  
  50  4:57  Probe (Chrono Boost)  
  50  4:58  Probe (Chrono Boost)  
  52  5:00  Twilight Council  
  52  5:05  Adept  
  52  5:06  Probe  
  54  5:07  Probe  
  51  5:18  Probe  
  51  5:19  Probe (Chrono Boost)  
  53  5:21  Forge  
  53  5:30  Probe (Chrono Boost)  
  53  5:31  Probe (Chrono Boost)  
  53  5:35  Gateway  
  55  5:36  Sentry x2  
  55  5:38  Charge  
  55  5:39  Probe (Chrono Boost)  
  55  5:40  Probe (Chrono Boost)  
  61  5:43  Assimilator  
  61  5:44  Probe x2 (Chrono Boost)  
  61  5:45  Probe  
  64  5:51  Protoss Ground Armor Level 1 (Chrono Boost)  
  64  5:53  Gateway  
  64  5:55  Probe  
  64  5:56  Probe  
  66  5:59  Probe  
  67  6:05  Gateway  
  67  6:07  Probe (Chrono Boost)  
  70  6:13  Probe (Chrono Boost)  
  70  6:16  Probe (Chrono Boost)  
  70  6:17  Gateway  
  71  6:19  Probe (Chrono Boost)  
  71  6:24  Gateway  
  71  6:25  Probe (Chrono Boost)  
  74  6:26  Probe (Chrono Boost)  
  74  6:27  Probe (Chrono Boost)  
  75  6:33  Probe (Chrono Boost)  
  75  6:34  Assimilator  
  75  6:35  Probe (Chrono Boost)  
  75  6:36  Probe (Chrono Boost)  
  75  6:37  Templar Archives  
  75  6:38  Probe (Chrono Boost)  
  78  6:43  Robotics Facility  
  78  6:45  Probe (Chrono Boost)  
  78  6:46  Probe (Chrono Boost)  
  80  6:48  Pylon  
  80  6:53  Probe (Chrono Boost)  
  80  6:54  Assimilator  
  81  6:57  Probe (Chrono Boost)  
  81  6:58  Assimilator  
  83  7:03  Probe (Chrono Boost)  
  83  7:04  Probe (Chrono Boost)  
  83  7:05  Probe (Chrono Boost)  
  85  7:09  Zealot x3, Probe  
  85  7:12  Probe  
  85  7:13  Probe  
  94  7:17  Pylon  
  94  7:20  Pylon  
  94  7:21  Probe  
  94  7:22  Pylon  
  95  7:24  Zealot x2, Probe  
  95  7:25  Probe  
  95  7:27  Shield Battery  
  95  7:28  Pylon  
  101  7:36  Observer  
  102  7:38  Robotics Bay  
  102  7:40  Zealot x2, Robotics Facility  
  102  7:41  Zealot  
  108  7:44  Zealot x2  
  108  7:47  High Templar x2  
  116  7:51  Archon  
  116  7:54  Photon Cannon  
  116  7:58  High Templar  
  116  7:59  Observer  
  116  8:02  High Templar  
  121  8:06  Pylon, Zealot x4  
  121  8:07  Archon  
  129  8:19  Pylon  
  128  8:20  Zealot x2  
  132  8:28  Phoenix  
  132  8:29  Probe  
  132  8:30  Zealot x5  
  105  8:35  Zealot  
  105  8:38  Disruptor (Chrono Boost)  
  105  8:40  Zealot x2  
  115  8:49  Disruptor (Chrono Boost)  
  115  8:57  Nexus  
  115  9:07  Zealot x4  
  114  9:16  Zealot x3  
  114  9:24  Zealot  

Tags
 
Add a new tag
Caveats
  • Supply blocks, unpowered buildings, or Contaminate may cause inaccurate times.
  • Supply counts are checked every 10 seconds.